 Dungeon Crawl Stone Soup version 0.31-a0-1522-g43313d8a59 (webtiles) character file.

Game seed: 1192704638801446435

173 Xavori the Trooper (level 5, -1/44 HPs)
             Began as a Djinni Chaos Knight on Dec 30, 2023.
             Was a Plaything of Xom.
             Slain by a swamp drake (9 damage)
             ... on level 3 of the Dungeon.
             The game lasted 00:02:52 (10708 turns).

Xavori the Trooper (Djinni Chaos Knight)           Turns: 10708, Time: 00:02:53

Health: -1/44      AC:  5    Str: 11    XL:     5   Next: 83%
Gold:   283        EV: 12    Int: 12    God:    Xom [......] SH:  0 Dex: 14

rFire   + + +        a - +0 falchion (chaos)
rCold   x . .        (no shield)
rNeg    . . .        b - +2 leather armour
rPois   ∞            (helmet restricted)
rElec   .            q - scarf {repulsion}
rCorr   .            (no gloves)
SInv    .            (boots unavailable)
Will    .....        (no amulet)
Stlth   +            (no ring)
HPRegen 0.27/turn    (no ring)
MPRegen 0.00/turn

%: random rage (3%), repel missiles, infuse magic (-2 HP)
@: flying
A: sickness immunity, fire resistance 3, cold vulnerability 1, float, innate
caster, HP casting, extra vitality 1, antennae 1, berserk 1, dopey 1, robust 1,
screaming 1, persistent drain
a: Renounce Religion


You were on level 3 of the Dungeon.
You worshipped Xom.
You were a very special plaything of Xom.
You visited 1 branch of the dungeon, and saw 3 of its levels.

You collected 283 gold pieces.

Inventory:

Hand Weapons
 a - a +0 falchion of chaos (weapon)
Armour
 b - a +2 leather armour (worn)
 q - a scarf of repulsion (worn)
Jewellery
 r - an amulet of reflection
Wands
 l - a wand of light (5)
Scrolls
 c - a scroll of butterflies
 d - 3 scrolls of amnesia {unknown}
 e - 2 scrolls of revelation {unknown}
 f - 3 scrolls of identify {unknown}
 k - 2 scrolls of enchant armour {unknown}
 o - 2 scrolls of blinking {unknown}
Potions
 g - a potion of brilliance {unknown}
 h - a potion of enlightenment {unknown}
 i - a potion of magic {unknown}
 j - a potion of resistance {unknown}
 m - 5 potions of heal wounds {unknown}
 n - 2 potions of curing {unknown}
 p - a potion of mutation {unknown}


   Skills:
 + Level 3.5 Fighting
 + Level 3.2 Long Blades
 + Level 2.1 Armour
 + Level 3.0 Dodging
 * Level 1.8 Spellcasting
 * Level 1.8 Conjurations
 * Level 1.8 Hexes
   Level 0.0 Charms
 * Level 1.8 Summonings
 * Level 1.8 Necromancy
 * Level 1.8 Translocations
   Level 0.0 Transmutations
 * Level 1.8 Fire Magic
 * Level 1.8 Ice Magic
 * Level 1.8 Air Magic
 * Level 1.8 Earth Magic
 * Level 1.8 Alchemy
 + Level 1.2 Evocations


You knew the following spells:

 Your Spells              Type           Power      Damage    Failure   Level
a - Magic Dart            Conj           20%        1d4       17%         1
b - Mercury Vapours       Alch/Air       10%        N/A       26%         2
Your spell library was empty.

Dungeon Overview and Level Annotations

Branches:
Dungeon (3/15)

Altars:
Trog

Shops:
D:1 =:


Innate Abilities, Weirdness & Mutations

You are immune to sickness and miasma.
You are immune to poison.
Your flesh is almost immune to the effects of heat. (rF+++)
You are vulnerable to cold. (rC-)
You float through the air rather than walking.
You learn spells naturally, not from books.
Your magical power is your life essence.
You have superior vitality. (+4 MHP)
You have a pair of small antennae on your head.
You sometimes lose your temper in combat.
You are dopey. (Int -2)
You are robust. (+10% HP)
You occasionally shout uncontrollably at your foes.
Your health recovers twice as slowly from being drained.


Message History

The swamp drake is severely wounded.
The swamp drake closely misses you.
You barely miss the swamp drake.
The swamp drake is severely wounded.
The swamp drake completely misses you.
You hit the swamp drake.
The swamp drake is severely wounded.
The swamp drake breathes poison at you.
The noxious blast engulfs you but does no damage.
You resist.
You closely miss the swamp drake.
The swamp drake is severely wounded.
The swamp drake completely misses you. The swamp drake bites you.
You barely miss the swamp drake.
The swamp drake is severely wounded.
The swamp drake bites you.
You hit the swamp drake.
The swamp drake is almost dead.
The swamp drake closely misses you.
You hit the swamp drake but do no damage.
The swamp drake is almost dead.
The swamp drake bites you!
You closely miss the swamp drake.
The swamp drake is almost dead.
The swamp drake closely misses you.
You hit the swamp drake but do no damage.
The swamp drake is almost dead.
The swamp drake bites you.
You barely miss the swamp drake.
The swamp drake is almost dead.
The swamp drake breathes poison at you. The noxious blast misses you.
You barely miss the swamp drake.
The swamp drake is almost dead.
The swamp drake closely misses you. The swamp drake bites you!
* * * LOW HITPOINT WARNING * * *
You hit the swamp drake but do no damage.
The swamp drake is almost dead.
The swamp drake bites you!
You die...

....# ##.....####......#
....#
#...........####### ....
#........###[......#
##...###....#.#####..
.....######...#
..#.........##### .#
#.#.°#######...Z.###...#
#...°°##########........
....°°k@Z°°$...........#
#..##°###########.####|#
#° .# # ##


You could see a swamp drake (ally target) and a friendly adder zombie.

Vanquished Creatures
  2 orc priests (D:3)
  An orc wizard (D:3)
  2 adders (D:3)
  A dart slug (D:1)
  8 orcs (D:3)
  A ribbon worm (D:2)
  9 bats
  3 endoplasms (D:3)
  2 giant cockroaches (D:1)
  3 goblins
  5 hobgoblins
  6 kobolds
  3 quokkas
  6 ball pythons
  A frilled lizard (D:3)
  7 rats
60 creatures vanquished.

Vanquished Creatures (collateral kills)
  An orc (D:3)
  A kobold (D:1)
2 creatures vanquished.

Vanquished Creatures (others)
  A kobold (D:1)
1 creature vanquished.

Grand Total: 63 creatures vanquished

Notes
Turn   | Place    | Note
-------+----------+-------------------------------------------
     0 | D:1      | Xavori the Djinni Chaos Knight began the quest for the Orb.
     0 | D:1      | Reached XP level 1. HP: 20/20 MP: 0/0
     6 | D:1      | Noticed an iguana
     6 | D:1      | Noticed an imperial myrmidon
     7 | D:1      | Noticed a hell rat
     7 | D:1      | Noticed a centaur
    53 | D:1      | XOM: potion effect (invisibility)
   128 | D:1      | Found Ebebujo's Book Shop.
   140 | D:1      | Reached XP level 2. HP: 7/25 MP: 0/0
   523 | D:1      | XOM: divination: detect items
   643 | D:1      | Reached XP level 3. HP: 24/30 MP: 0/0
   643 | D:1      | Learned a level 1 spell: Magic Dart
   667 | D:1      | XOM: confusion
   678 | D:1      | Reached skill level 1 in Spellcasting
   678 | D:1      | Reached skill level 1 in Conjurations
   678 | D:1      | Reached skill level 1 in Hexes
   678 | D:1      | Reached skill level 1 in Summonings
   678 | D:1      | Reached skill level 1 in Necromancy
   678 | D:1      | Reached skill level 1 in Translocations
   678 | D:1      | Reached skill level 1 in Fire Magic
   678 | D:1      | Reached skill level 1 in Ice Magic
   678 | D:1      | Reached skill level 1 in Air Magic
   678 | D:1      | Reached skill level 1 in Earth Magic
   678 | D:1      | Reached skill level 1 in Alchemy
   824 | D:1      | Found Sihuh's One-of-a-Kind Rings.
   844 | D:1      | XOM: cast spell 'Summon Ice Beast'
   926 | D:1      | XOM: give mutation
   926 | D:1      | Gained mutation: Your mind is acute. (Int +4, Str/Dex -1)
                  | [Xom's grace]
  1472 | D:1      | XOM: divination: detect items
  1668 | D:1      | XOM: god gift: 29 gold pieces
  2079 | D:1      | XOM: god gift: wand of light (5)
  2819 | D:1      | XOM: god gift: 2 stones
  2974 | D:1      | XOM: god gift: 17 gold pieces
  3402 | D:1      | XOM is BORED!
  3992 | D:1      | XOM: give mutation
  3992 | D:1      | Gained mutation: You have a pair of small antennae on your
                  | head. [Xom's grace]
  4411 | D:1      | XOM: noise
  4447 | D:1      | XOM: give mutation
  4521 | D:1      | XOM: give mutations
  4521 | D:1      | Gained mutation: Your health recovers twice as slowly from
                  | being drained. [Xom's mischief]
  4521 | D:1      | Gained mutation: You sometimes lose your temper in combat.
                  | [Xom's mischief]
  4521 | D:1      | Gained mutation: You have hidden genetic potential. [Xom's
                  | mischief]
  4663 | D:1      | XOM: give mutations
  4663 | D:1      | Gained mutation: You are robust. (+10% HP) [Xom's mischief]
  4663 | D:1      | Lost mutation: Your mind is acute. (Int +4, Str/Dex -1)
                  | [Xom's mischief]
  4663 | D:1      | Gained mutation: You occasionally shout uncontrollably at
                  | your foes. [Xom's mischief]
  4663 | D:1      | Lost mutation: You have a pair of small antennae on your
                  | head. [Xom's mischief]
  4670 | D:1      | XOM: god gift: +2 lajatang of chaos
  4671 | D:1      | XOM: cloud trail
  5194 | D:1      | XOM: scenery: summon butterflies
  5379 | D:1      | XOM: give mutation
  5379 | D:1      | Gained mutation: You have a pair of small antennae on your
                  | head. [Xom's grace]
  5390 | D:1      | XOM: cloud trail
  5571 | D:1      | XOM: god gift: 25 gold pieces
  5623 | D:1      | XOM: give mutations
  5623 | D:1      | Gained mutation: Your flesh is almost immune to the effects
                  | of heat. (rF+++) [Xom's grace]
  5623 | D:1      | Lost mutation: You have hidden genetic potential. [Xom's
                  | grace]
  5623 | D:1      | Gained mutation: You are somewhat resistant to further
                  | mutation. [Xom's grace]
  5623 | D:1      | Gained mutation: Your muscles are strong. (Str +4, Int/Dex
                  | -1) [Xom's grace]
  5623 | D:1      | Gained mutation: You passively map a small area around you.
                  | [Xom's grace]
  5907 | D:1      | XOM: god gift: dazzling halberd {god gift}
  5907 | D:1      | Identified the +7 halberd of Letrirph {chaos, *Slow rN+++
                  | Str-2 SInv} (Xom gifted it to you on level 1 of the
                  | Dungeon)
  6119 | D:1      | XOM: noise
  6334 | D:1      | XOM: stat loss: -1 Dex (12/13)
  6779 | D:1      | XOM: silly message
  7378 | D:1      | XOM: god gift: scale mail {god gift}
  7670 | D:1      | XOM is BORED!
  7670 | D:1      | XOM: draining
  8187 | D:1      | XOM: god gift: scroll labelled DUQ ODAICW {god gift}
  8930 | D:1      | XOM: give mutation
  8930 | D:1      | Lost mutation: You passively map a small area around you.
                  | [Xom's mischief]
  9753 | D:1      | XOM is BORED!
  9753 | D:1      | XOM: give mutations
  9753 | D:1      | Lost mutation: You are somewhat resistant to further
                  | mutation. [Xom's mischief]
  9753 | D:1      | Gained mutation: You are dopey. (Int -2) [Xom's mischief]
  9753 | D:1      | Lost mutation: Your muscles are strong. (Str +4, Int/Dex
                  | -1) [Xom's mischief]
 10234 | D:2      | You are sucked into a shaft and drop 1 floor!
 10259 | D:3      | Reached XP level 4. HP: 32/35 MP: 0/0
 10263 | D:3      | Reached XP level 5. HP: 38/43 MP: 0/0
 10263 | D:3      | Learned a level 2 spell: Mercury Vapours
 10269 | D:3      | XOM: butterfly on damage
 10282 | D:3      | Reached skill level 1 in Evocations
 10523 | D:3      | Found a bloodstained altar of Trog.
 10563 | D:3      | Identified the +0 dagger of Reason {freeze, Int+5 Dex+4}
 10663 | D:3      | Identified the +0 leather armour of Medi Gof {rPois rC+}
 10692 | D:3      | a bat changed into a swamp drake
 10692 | D:3      | Noticed a swamp drake
 10708 | D:3      | Slain by a swamp drake

Illustrated notes

Levels and vault maps discovered:
D:1:      onia_arrival_zoo_common, layout_basic, serial_shops,
          nicolae_diamond_shop, nicolae_shop_unique_rings
D:2:      layout_loops_cross
D:3:      layout_rooms, old_standard_altar

Skill      XL: |  1  2  3  4  5 |
---------------+----------------+-----
Spellcasting   | 1 |  1.8
Conjurations   | 1 |  1.8
Hexes          | 1 |  1.8
Summonings     | 1 |  1.8
Necromancy     | 1 |  1.8
Translocations | 1 |  1.8
Fire Magic     | 1 |  1.8
Ice Magic      | 1 |  1.8
Air Magic      | 1 |  1.8
Earth Magic    | 1 |  1.8
Alchemy        | 1 |  1.8
Long Blades    | 3 |  3.2
Armour         | 2 |  2.1
Dodging        | 3 |  3.0
Evocations     | 1 |  1.2
Fighting       | |  3.5

Action                     |  1- 3 |  4- 6 || total
---------------------------+-------+-------++-------
  Melee: Falchion          |   155 |    96 ||   251
         Punch             |     3 |       ||     3
    Use: Scroll            |     1 |       ||     1
   Stab: Confused          |     1 |       ||     1
         Petrified         |       |    10 ||    10
         Petrifying        |       |     2 ||     2
 Armour: Leather armour    |   116 |    41 ||   157
  Dodge: Dodged            |   124 |    47 ||   171

Table legend: (Time is in decaauts)
 A = Elapsed time spent in this place.
 B = Non-inter-level travel time spent in this place.
 C = Inter-level travel time spent in this place.
 D = Time resting spent in this place.
 E = Time spent auto-exploring this place.
 F = Levels seen in this place.
 G = Mean time per level.
                   A        B        C        D        E       F      G
               +--------+--------+--------+--------+--------+-----+--------+
         Total |  10778 |  10748 |     30 |   8942 |   1233 |   3 | 3592.7 |
       Dungeon |  10778 |  10748 |     30 |   8942 |   1233 |   3 | 3592.7 |
               +--------+--------+--------+--------+--------+-----+--------+

Top non-repeatable levels by time:
     D:1: 9771 daAuts
     D:3: 521 daAuts
     D:2: 486 daAuts
